 Dungeon Crawl Stone Soup version 0.28-a0-1182-g381e24db82 (webtiles) character file.

Game seed: 498573591147573243

4767 ders the Geomancer (level 10, 0/50 HPs)
             Began as a Gargoyle Earth Elementalist on Dec 16, 2021.
             Was a Follower of Vehumet.
             Slain by a two-headed ogre (20 damage)
             ... on level 11 of the Dungeon.
             The game lasted 00:12:30 (9840 turns).

ders the Geomancer (Gargoyle Earth Elementalist)    Turns: 9840, Time: 00:12:30

Health: 0/50       AC: 10    Str: 11    XL:     10   Next: 47%
Magic:  4/22       EV: 11    Int: 21    God:    Vehumet [*.....]
Gold:   346        SH:  0    Dex: 10    Spells: 21/25 levels left

rFire   x . .      SeeInvis .   m - staff of conjuration
rCold   + . .      Faith    .   (no shield)
rNeg    + . .      Spirit   .   (no armour)
rPois   ∞          Reflect  .   (no helmet)
rElec   +          Harm     .   o - +2 cloak
rCorr   .          Rampage  .   (no gloves)
Will    .....                   (no boots)
Stlth   ++........              (no amulet)
HPRegen 0.16/turn               f - ring of ice
MPRegen 0.18/turn               (no ring)

@: on berserk cooldown, slowed, very slow
A: sickness immunity, AC +7, negative energy resistance 1, electricity
resistance, torment resistance 1, petrification resistance
a: Renounce Religion


You were on level 11 of the Dungeon.
You worshipped Vehumet.
Vehumet was aware of your devotion.
You visited 2 branches of the dungeon, and saw 12 of its levels.

You collected 346 gold pieces.

Inventory:

Hand Weapons
 i - a +2 dagger of chaos
 w - the +3 war axe "Ynicitoz" {vorpal, Int+3 Dex-3 Stlth+}
   (You found it on level 5 of the Dungeon)

   It inflicts extra damage upon your enemies.
   Int:       It affects your intelligence (+3).
   Dex:       It affects your dexterity (-3).
   Stlth:     It makes you more stealthy.
Missiles
 c - 39 stones
 G - 2 throwing nets
Armour
 b - a +0 robe
 o - a +2 cloak (worn)
 F - +0 steam dragon scales
Magical Staves
 m - a staff of conjuration (weapon)
Jewellery
 f - a ring of ice (left hand)
Wands
 v - a wand of flame (41)
 A - a wand of iceblast (3)
 C - a wand of paralysis (8)
Scrolls
 a - 2 scrolls of fear
 g - a scroll of magic mapping
 h - 2 scrolls of amnesia
 j - 5 scrolls of enchant weapon
 u - a scroll of noise
 y - a scroll of torment
Potions
 n - a potion of lignification
 p - 2 potions of brilliance
 q - 2 potions of mutation
 x - 4 potions of curing
 D - 2 potions of magic
 E - 3 potions of might


   Skills:
 - Level 1.5 Dodging
 - Level 2.1 Stealth
 + Level 8.2 Spellcasting
 + Level 9.5 Conjurations
 - Level 0.7 Transmutations
 + Level 11.1 Earth Magic


You had 21 spell levels left.
You knew the following spells:

 Your Spells              Type           Power      Damage    Failure   Level
a - Sandblast             Erth           100%       2d20      1%          1
b - Stone Arrow           Conj/Erth      100%       3d13      1%          3

Your spell library contained the following spells:

 Spells                   Type           Power      Damage    Failure   Level
 Shock                    Conj/Air       100%       1d9       1%          1
 Passwall                 Tmut/Erth      27%        N/A       1%          2
 Static Discharge         Conj/Air       42%        N/A       1%          2
 Petrify                  Tmut/Erth      33%        N/A       7%          4
 Animate Armour           Summ/Erth      62%        N/A       8%          4
 Sticky Flame             Conj/Fire      42%        2d6       11%         4
 Frozen Ramparts          Ice            26%        1d4       24%         3
 Ice Form                 Ice/Tmut       15%        N/A       54%         4
 Dispel Undead            Necr           8%         3d8       61%         4
 Summon Ice Beast         Ice/Summ       13%        N/A       61%         4
 Lehudib's Crystal Spear  Conj/Erth      33%        10d9      100%        8


Dungeon Overview and Level Annotations

Branches:
Dungeon (11/15)            Temple (1/1) D:5
   Lair: D:8-11         Orc: D:9-12

Altars:
Ashenzari
Cheibriados
Dithmenos
Elyvilon
Fedhas
Gozag
Hepliaklqana
Kikubaaqudgha
Makhleb
Nemelex Xobeh
Okawaru
Qazlal
Ru
Sif Muna
Trog
Uskayaw
Vehumet
Wu Jian
Xom
Yredelemnul
Zin
The Shining One

Shops:
D:3 [

Annotations:
D:4 Grinder
D:10 3 runed translucent doors, tatocazan's ghost, journeyman DsFi


Innate Abilities, Weirdness & Mutations

You are immune to sickness and miasma.
Your stone body is resilient. (AC +7)
You are immune to poison.
You resist negative energy. (rN+)
You are resistant to electric shocks. (rElec)
You are resistant to unholy torment.
You are immune to petrification.


Message History

Casting: Sandblast (safe; 1% risk of failure)
Confirm with . or Enter, or press ? or * to list all spells.
Aiming: Sandblast (safe; 1% risk of failure)
Press: ? - help, Shift-Dir - straight line Something hits you. x2
Something hits you.
Blink to where?
Press: ? - help, Dir - move target
As you read the scroll of blinking, it crumbles to dust.
Something hits you!
There is a stone staircase leading down here.
Something hits you.
You climb downwards.
Reactivating autopickup.
The cyclops shouts!
Found 18 stones and an embroidered scarf.
Found a stone staircase leading down.
There is a stone staircase leading up here.
The cyclops throws a large rock.
The large rock barely misses you.
There is a stone staircase leading up here.
As you read the scroll of fear, it crumbles to dust.
You assume a fearsome visage.
The two-headed ogre resists with almost no effort.
Okay, then.
A red film seems to cover your vision as you go berserk!
You feel yourself moving faster!
You feel mighty!
Found a flail and a wand of iceblast (7).
Found a stone staircase leading up.
You feel a strong urge to attack something.
A vampire comes into view.
Found a dented lapis lazuli amulet and 11 gold pieces.
You feel your anger nearly subside.
Found a stone staircase leading down.
You are no longer berserk.
You are exhausted.
You feel yourself slow down.
You see here 11 gold pieces.
There is a stone staircase leading up here.
The two-headed ogre hits you with a +0 giant club!!
You die...

...####.#.#......
......#..........
..........##...#
....#...####.#>###
)..^..............
..................
....#......###....
....#.....O.......
...../...V@###....
.....#.....# ..
....#####.. #..
##.. .## ##


You could see a two-headed ogre and a vampire.

Vanquished Creatures
  Pikel (D:8)
  Maggie (D:7)
  A hornet (D:9)
  2 slime creatures (D:8)
  Sigmund (D:4)
  A wyvern (D:8)
  A steam dragon (D:8)
  3 black bears
  2 orc warriors
  A sky beast (D:4)
  2 ice beasts
  3 ogres
  A phantom (D:6)
  A centaur (D:7)
  3 kobold brigands
  Blork the orc (D:4)
  3 bullfrogs
  A gnoll sergeant (D:8)
  2 scorpions
  8 electric eels (D:7)
  2 howler monkeys (D:7)
  4 wights (D:9)
  A centaur zombie (D:7)
  A jelly (D:4)
  Crazy Yiuf (D:2)
  2 orc priests
  2 hounds
  A centaur skeleton (D:6)
  5 iguanas
  4 orc wizards
  A howler monkey zombie (D:6)
  5 gnolls (D:8)
  8 adders
  A white imp (D:6)
  An ufetubus (D:5)
  An adder skeleton (D:4)
  4 dart slugs
  22 orcs
  11 ball pythons
  6 endoplasms
  3 giant cockroaches
  8 goblins
  6 hobgoblins
  4 jackals (D:2)
  21 kobolds
  3 quokkas
  3 bats
  A frilled lizard (D:2)
  6 rats
177 creatures vanquished.

Vanquished Creatures (others)
  33 plants (D:7)
33 creatures vanquished.

Grand Total: 210 creatures vanquished

Notes
Turn   | Place    | Note
-------+----------+-------------------------------------------
     0 | D:1      | ders the Gargoyle Earth Elementalist began the quest for
                  | the Orb.
     0 | D:1      | Reached XP level 1. HP: 10/10 MP: 3/3
   134 | D:1      | Reached XP level 2. HP: 15/15 MP: 1/5
   181 | D:1      | Reached skill level 1 in Conjurations
   267 | D:1      | Reached skill level 4 in Earth Magic
   396 | D:1      | Reached XP level 3. HP: 19/19 MP: 4/6
  1332 | D:2      | Learned a level 3 spell: Stone Arrow
  1537 | D:2      | Found a runed translucent door.
  1538 | D:2      | Noticed Crazy Yiuf
  1601 | D:2      | Killed Crazy Yiuf
  1602 | D:2      | Reached XP level 4. HP: 13/24 MP: 0/8
  1862 | D:3      | Found a blossoming altar of Fedhas.
  2082 | D:3      | Found Zeskifua's Armour Emporium.
  2515 | D:3      | Reached XP level 5. HP: 28/28 MP: 4/9
  2518 | D:3      | Reached skill level 5 in Earth Magic
  2726 | D:3      | Found a hazy altar of Hepliaklqana.
  3041 | D:4      | Noticed Blork the orc
  3060 | D:4      | Found a hide-covered altar of Uskayaw.
  3078 | D:4      | HP: 1/28 [Blork the orc/magic dart (5)]
  3097 | D:4      | HP: 1/28 [Blork the orc/puff of flame (1)]
  3417 | D:3      | Reached XP level 6. HP: 31/32 MP: 2/11
  3715 | D:4      | Noticed a sky beast
  3760 | D:3      | Reached skill level 6 in Earth Magic
  3990 | D:4      | Noticed Grinder
  4035 | D:4      | Reached XP level 7. HP: 36/36 MP: 10/13
  4035 | D:4      | Noticed Sigmund
  4049 | D:4      | Killed Sigmund
  4236 | D:4      | Killed Blork the orc
  4237 | D:4      | Reached skill level 5 in Conjurations
  4369 | D:4      | Reached skill level 7 in Earth Magic
  4438 | D:4      | Reached XP level 8. HP: 41/41 MP: 8/15
  4546 | D:5      | Entered Level 5 of the Dungeon
  4565 | D:5      | Identified the +3 war axe "Ynicitoz" {vorpal, Int+3 Dex-3
                  | Stlth+}
  4599 | D:5      | Reached skill level 5 in Spellcasting
  4844 | D:5      | Found a staircase to the Ecumenical Temple.
  4866 | Temple   | Entered the Ecumenical Temple
  5057 | Temple   | Became a worshipper of Vehumet
  5575 | D:6      | Reached skill level 8 in Earth Magic
  5798 | D:6      | Found a snail-covered altar of Cheibriados.
  6665 | D:7      | Reached XP level 9. HP: 45/45 MP: 14/18
  7108 | D:7      | Reached skill level 9 in Earth Magic
  7203 | D:7      | Reached * piety under Vehumet
  7203 | D:7      | Offered knowledge of Shock by Vehumet.
  7849 | D:7      | Found a sparkling altar of Nemelex Xobeh.
  7854 | D:7      | Found a shimmering blue altar of Sif Muna.
  8196 | D:7      | Noticed Maggie
  8201 | D:7      | Killed Maggie
  8612 | D:8      | Reached skill level 10 in Earth Magic
  8756 | D:8      | Reached XP level 10. HP: 50/50 MP: 16/21
  8758 | D:8      | Noticed Pikel
  8768 | D:8      | Killed Pikel
  9033 | D:8      | HP: 1/50 [slime creature (14)]
  9442 | D:9      | Reached skill level 11 in Earth Magic
  9657 | D:9      | Noticed a kobold demonologist
  9659 | D:9      | Noticed a kobold demonologist
  9725 | D:9      | You fall into a shaft and drop 1 floor!
  9725 | D:10     | Entered Level 10 of the Dungeon
  9739 | D:10     | Found a runed translucent gate.
  9739 | D:10     | Found a runed translucent gate.
  9739 | D:10     | Found a runed translucent gate.
  9740 | D:10     | Noticed tatocazan's ghost (journeyman DsFi)
  9823 | D:11     | Noticed a cyclops
  9823 | D:11     | Noticed a two-headed ogre
  9840 | D:11     | Slain by a two-headed ogre

Illustrated notes

Levels and vault maps discovered:
D:1:      nicolae_arrival_memento_mori, layout_rooms, minmay_tripent
D:2:      layout_basic, grunt_decor_resistance, grunt_ministairs_14,
          uniq_crazy_yiuf_cottage
D:3:      layout_loops_ring, fedhas_ov_isle_minmay,
          nicolae_hepliaklqana_hippocampus, serial_shops, shop
D:4:      layout_rooms, nicolae_uskayaw_murder_on_the_dancefloor,
          minmay_quadrilaterals, uniq_grinder, uniq_sigmund, uniq_blork_the_orc
D:5:      layout_loops_ring, minmay_temple_entry_sparse_star
D:6:      layout_cave_pods, nicolae_overflow_hidden_temple
D:7:      layout_rooms, grunt_temple_overflow_open, serial_bayou,
          serial_bayou_shore_a, serial_bayou_pond_c, serial_bayou_crossing,
          serial_bayou_pond_a, serial_bayou_lagoon_b, uniq_maggie
D:8:      layout_layer_cave, minivault_22, hangedman_decor_lopped, uniq_pikel
D:9:      layout_basic, wad_dig_loot
D:10:     layout_basic, ebering_ghost_rock_garden, hex_medium,
          hangedman_abyss_or_decor_passed, guppyfry_shop_venom
D:11:     layout_rooms, erik_lair_orcish_takeover, orc_0_dummy,
          mrwooster_statue_mirror, uniq_grum, uniq_josephine
Temple:   kb_temple_of_zot

Skill      XL: |  1  2  3  4  5  6  7  8  9 10 |
---------------+-------------------------------+-----
Conjurations   | 1 2 3 4 5 6 8 9 |  9.5
Earth Magic    | 4 5 6 7 8 10 11 | 11.1
Spellcasting   | 3 4 6 7 8 |  8.2
Dodging        | |  1.5
Stealth        | |  2.1
Transmutations | |  0.7

Action                   |  1- 3 |  4- 6 |  7- 9 | 10-12 || total
-------------------------+-------+-------+-------+-------++-------
Melee: Dagger            |    11 |    10 |       |       ||    21
       War axe           |       |       |       |     4 ||     4
       Staff             |       |       |       |     2 ||     2
 Cast: Sandblast         |    42 |    72 |    63 |    26 ||   203
       Stone Arrow       |     2 |     9 |    70 |    29 ||   110
  Use: Potion            |       |     2 |       |     4 ||     6
       Scroll            |       |       |       |    22 ||    22
 Stab: Distracted        |     1 |       |       |       ||     1
Armor: Robe              |     7 |    18 |    22 |       ||    47
       Skin              |       |       |       |    19 ||    19
Dodge: Dodged            |    17 |    32 |    18 |    21 ||    88

Table legend: (Time is in decaauts)
 A = Elapsed time spent in this place.
 B = Non-inter-level travel time spent in this place.
 C = Inter-level travel time spent in this place.
 D = Time resting spent in this place.
 E = Time spent auto-exploring this place.
 F = Levels seen in this place.
 G = Mean time per level.
                   A        B        C        D        E       F      G
               +--------+--------+--------+--------+--------+-----+--------+
         Total |   9846 |   9360 |    486 |   2638 |   5553 |  12 |  820.5 |
       Dungeon |   9625 |   9187 |    438 |   2570 |   5461 |  11 |  875.0 |
        Temple |    220 |    172 |     48 |     68 |     92 |   1 |  220.0 |
               +--------+--------+--------+--------+--------+-----+--------+

Top non-repeatable levels by time:
     D:7: 1745 daAuts
     D:3: 1592 daAuts
     D:6: 1251 daAuts
     D:2: 1155 daAuts
     D:4: 1125 daAuts
     D:5: 788 daAuts
     D:1: 654 daAuts
     D:9: 638 daAuts
     D:8: 558 daAuts
  Temple: 220 daAuts
    D:10: 97 daAuts
    D:11: 17 daAuts
